AoeStats
← John SphX

Arena

510171465Analyzed
2v2 RM · 3d ago on Sep 29, 2026· 51m 33s· 4 players
Game mode
Random Map
Map size
Medium (4 player)
Population
200
Speed
Normal
Resources
Standard
Victory
Conquest
Starting age
Dark Age
Ending age
Imperial Age
RankedLock teamsTeams togetherTeam positionsShared explorationLock speedFull tech treeHidden civsTurbo modeCheats
Victory
Defeat
🇩🇪 Khitans · Germany
822
+15
🇬🇧 Franks · United Kingdom
756
+18
🇮🇹 Bohemians · Italy
886
-20
🇮🇹 Franks · Italy
717
-13
John SphX
12:35 Feudal Age
18:51 Castle Age
17:55 Stone Mining
18:20 Double-Bit Axe
18:53 Gold Mining
20:46 Squires
20:57 Gambesons
25:46 Wheelbarrow
24:38 Man-at-Arms
27:21 Scale Mail Armor
28:36 Husbandry
31:43 Imperial Age
29:22 Ordonnance Companies
31:14 Scale Barding Armor
31:20 Forging
31:28 Chain Mail Armor
31:51 Husbandry
31:46 Long Swordsman
32:22 Cavalier
36:20 Bow Saw
37:03 Plate Mail Armor
36:55 Chain Barding Armor
37:12 Iron Casting
38:53 Arson
39:29 Heavy Scorpion
50:34 Plate Barding Armor
50:59 Blast Furnace
49:24 Two-Handed Swordsman
AVAbest
11:50 Feudal Age
16:14 Castle Age
14:26 Double-Bit Axe
16:43 Wheelbarrow
15:59 Domestication
18:01 Bow Saw
18:45 Pastoralism
19:45 Fervor
20:26 Hand Cart
22:28 Gold Mining
22:37 Stone Mining
23:25 Town Watch
26:37 Stone Shaft Mining
31:50 Imperial Age
29:34 Loom
29:49 Town Patrol
31:13 Forging
31:03 Scale Mail Armor
30:55 Fletching
31:29 Ballistics
31:06 Murder Holes
31:22 Squires
31:08 Arson
33:39 Two-Man Saw
33:12 Transhumance
33:11 Conscription
32:59 Lamellar Armor
36:57 Gambesons
37:31 Lamellar Armor
36:47 Elite Liao Dao
38:14 Iron Casting
37:55 Chain Mail Armor
37:35 Bodkin Arrow
38:05 Fortified Wall
37:41 Treadmill Crane
38:12 Fortified Wall
38:12 Masonry
39:03 Chemistry
41:20 Plate Mail Armor
40:51 Bracer
40:40 Pikeman
44:15 Padded Archer Armor
44:35 Thumb Ring
43:51 Crossbowman
50:08 Siege Engineers
fworldwololo
11:19 Feudal Age
12:02 Gold Mining
12:03 Double-Bit Axe
24:11 Castle Age
25:32 Bow Saw
30:20 Imperial Age
29:21 Forging
29:17 Scale Barding Armor
30:46 Gold Shaft Mining
30:18 Caravan
33:10 Iron Casting
32:56 Chain Barding Armor
33:26 Coinage
37:40 Banking
37:55 Cavalier
44:57 Scale Mail Armor
Blancos
0:46 Loom
12:57 Feudal Age
13:33 Double-Bit Axe
13:41 Horse Collar
14:50 Wheelbarrow
21:03 Castle Age
19:40 Padded Archer Armor
22:05 Bow Saw
21:58 Heavy Plow
21:50 Fletching
23:06 Bodkin Arrow
24:54 Crossbowman
26:25 Hand Cart
26:39 Pikeman
29:04 Leather Archer Armor
35:48 Imperial Age
34:54 Chemistry
34:50 Squires
34:35 Arson
35:04 Masonry
35:15 Ballistics
35:44 Wagenburg Tactics
36:36 Fortified Wall
35:59 Houfnice
36:35 Onager
38:50 Architecture
38:50 Halberdier
40:32 Bracer
42:12 Two-Man Saw
42:31 Ring Archer Armor
42:37 Elite Skirmisher
Connection lost

Rejoining the realm…

Still unreachable

The connection could not be restored.

Session expired

The server has moved on; the page needs a fresh start.